Map: Waterfall

Players

Rain - Winner!

  • Race: Zerg Zerg
  • League: Master
  • Spawn Location: 1:00

Xana

  • Race: Zerg Zerg
  • League: Bronze
  • Spawn Location: 7:00

VOD

Have the link to the VOD?

Description

Time

  • Played on: Aug. 18, 2022, 2:26 p.m.
  • Length: 9:01
Show
View Real Time Build Order
Export as new Build Order

Rain Zerg - Winner!

Build Orders: Pool First 

Get SALT Encoding   

  12  0:07  Overlord  
  12  0:13  Drone  
  13  0:16  Drone  
  14  0:26  Drone  
  15  0:30  Drone  
  16  0:46  Drone  
  16  0:47  Spawning Pool  
  16  0:51  Drone  
  17  1:14  Hatchery  
  17  1:17  Drone  
  17  1:21  Drone  
  18  1:26  Overlord  
  18  1:37  Queen  
  20  1:41  Zergling x2  
  20  1:45  Zergling x2  
  22  1:56  Zergling x2  
  23  2:10  Zergling x2  
  24  2:18  Zergling x2  
  25  2:29  Drone x2  
  27  2:40  Drone x2  
  27  2:42  Queen  
  31  2:52  Zergling x4  
  33  3:13  Drone x3  
  36  3:23  Extractor  
  36  3:24  Drone  
  36  3:26  Overlord x2  
  32  4:00  Drone x6  
  32  4:01  Drone x2  
  40  4:06  Drone x4  
  44  4:23  Evolution Chamber  
  43  4:24  Drone x3  
  43  4:25  Evolution Chamber  
  43  4:27  Extractor  
  43  4:29  Extractor  
  43  4:30  Extractor  
  42  4:35  Roach Warren  
  42  4:37  Drone x3  
  44  4:44  Drone  
  45  4:48  Metabolic Boost  
  45  5:04  Drone x3  
  48  5:12  Zerg Ground Armor Level 1  
  48  5:13  Drone x2  
  50  5:22  Roach  
  50  5:23  Overlord x2  
  50  5:24  Overlord x2  
  52  5:31  Zerg Melee Weapons Level 1  
  52  5:36  Lair  
  52  5:42  Roach x3  
  58  5:46  Zergling x2  
  59  5:53  Roach  
  61  6:06  Roach  
  61  6:07  Roach  
  65  6:21  Roach x3  
  71  6:26  Hatchery  
  71  6:30  Spore Crawler  
  69  6:37  Roach x3  
  69  6:39  Ravager x5  
  80  6:43  Spore Crawler  
  79  6:50  Roach  
  79  6:51  Roach  
  83  7:24  Queen  
  83  7:25  Spire  
  83  7:29  Queen, Spore Crawler x2  
  84  7:32  Spore Crawler  
  81  7:38  Spore Crawler x2  
  72  7:58  Roach  
  72  7:59  Roach x6  
  83  8:07  Drone x2  
  83  8:31  Overlord x4  
Show
View Real Time Build Order
Export as new Build Order

Xana Zerg 

Build Orders: Pool First 

Get SALT Encoding   

  12  0:00  Drone  
  13  0:12  Overlord  
  13  0:17  Drone  
  14  0:30  Drone x2  
  16  0:45  Extractor  
  16  0:49  Drone  
  16  0:51  Drone, Spawning Pool  
  16  1:05  Drone  
  16  1:08  Drone  
  19  1:25  Drone  
  19  1:27  Hatchery  
  19  1:31  Drone  
  19  1:41  Queen  
  19  1:44  Drone  
  22  1:51  Metabolic Boost  
  22  2:06  Overlord  
  22  2:25  Zergling x4  
  22  2:28  Zergling x2  
  25  2:37  Zergling x2  
  26  2:43  Baneling Nest  
  25  2:47  Zergling x2  
  25  2:48  Zergling x2  
  27  2:57  Queen  
  29  2:59  Zergling x4  
  29  3:00  Zergling x4  
  33  3:06  Extractor  
  33  3:07  Drone  
  33  3:11  Drone  
  33  3:30  Overlord  
  33  3:32  Overlord x2  
  25  3:56  Zergling x12  
  30  4:04  Lair  
  30  4:06  Drone x3  
  30  4:09  Drone  
  34  4:20  Drone x2  
  36  4:34  Drone x2  
  36  4:35  Drone x5  
  36  4:38  Extractor  
  42  4:39  Extractor  
  42  4:43  Drone  
  42  4:56  Drone x5  
  47  5:02  Drone x2  
  47  5:03  Drone x2  
  51  5:15  Spire  
  51  5:16  Drone  
  51  5:21  Drone x2  
  51  5:23  Drone  
  51  5:27  Drone  
  55  5:34  Overlord  
  55  5:43  Overlord  
  55  5:46  Overlord  
  55  6:05  Hatchery  
  55  6:10  Overlord  
  54  6:27  Mutalisk x9  
  72  6:43  Mutalisk  
  72  6:44  Mutalisk x3  
  80  7:05  Overlord x2  
  80  7:06  Overlord x2  
  79  7:25  Zergling x2  
  79  7:26  Zergling x12  
  67  8:13  Zergling x20  
  68  8:28  Zergling x8  
  69  8:34  Zergling x2  
Tags
 
Matchup
ZvZ
Race
Zerg
Spawn Locations
Cross Positions
Add a new tag
Caveats
  • Supply blocks, unpowered buildings, or Contaminate may cause inaccurate times.
  • Supply counts are checked every 10 seconds.